 Dungeon Crawl Stone Soup version 0.26.1-11-gd32895ea62 (webtiles) character file.

Game seed: 14110969280233701673

147 bnorton916 the Conjurer (level 5, 0/28 HPs)
             Began as a Deep Elf Conjurer on July 11, 2021.
             Slain by Grinder (5 damage)
             ... while paralysed by Grinder
             ... on level 3 of the Dungeon.
             The game lasted 00:03:32 (2315 turns).

bnorton916 the Conjurer (Deep Elf Conjurer)         Turns: 2315, Time: 00:03:33

Health: 0/28       AC:  2    Str:  4    XL:     5   Next: 8%
Magic:  0/14       EV:  2    Int: 24    God:
Gold:   177        SH:  0    Dex: 19    Spells: 8/14 levels left

rFire    . . .     SeeInvis .   (no weapon)
rCold    . . .     Faith    .   (no shield)
rNeg     . . .     Spirit   .   a - +0 robe
rPois    .         Reflect  +   (no helmet)
rElec    .         Harm     .   (no cloak)
rCorr    .         Rampage  .   (no gloves)
Will     .....                  (no boots)
Stlth    ++........             f - amulet of reflection
HPRegen  0.09/turn              l - +6 ring of dexterity
MPRegen  0.14/turn              (no ring)

@: paralysed
A: no striking features
a: no special abilities


You were on level 3 of the Dungeon.
You visited 1 branch of the dungeon, and saw 3 of its levels.

You collected 177 gold pieces.

Inventory:

Hand Weapons
 g - a +1 mace of venom
Missiles
 e - 47 stones
Armour
 a - a +0 robe (worn)
Jewellery
 f - an amulet of reflection (around neck)
 j - an uncursed amulet of faith {unknown}
 l - a +6 ring of dexterity (left hand)
 n - an uncursed ring of magical power {unknown}
Scrolls
 b - a scroll of magic mapping {unknown}
 h - 3 scrolls of identify {unknown}
 i - a scroll of teleportation {unknown}
 k - 3 scrolls of remove curse {unknown}
 m - 3 scrolls of amnesia {unknown}
Potions
 c - 2 potions of heal wounds {unknown}
 d - 2 potions of mutation {unknown}


   Skills:
 - Level 2.4 Dodging
 - Level 2.4 Stealth
 + Level 5.4 Spellcasting
 + Level 5.8 Conjurations


You had 8 spell levels left.
You knew the following spells:

 Your Spells              Type           Power        Failure   Level
a - Magic Dart            Conj           100%         1%          1
b - Searing Ray           Conj           68%          1%          2
c - Dazzling Flash        Conj/Hex       40%          8%          3

Your spell library contained the following spells:

 Spells                   Type           Power        Failure   Level
 Fulminant Prism          Conj/Hex       10%          26%         4
 Iskenderun's Mystic Bla  Conj/Tloc      20%          26%         4


Dungeon Overview and Level Annotations

Branches:
Dungeon (3/15)

Altars:

Annotations:
D:3 Grinder


Message History

The searing ray hits Grinder!
Grinder is almost dead.
You finish channeling your searing ray.
Grinder closely misses you.
Casting: Searing Ray (safe; 1% risk of failure)
Confirm with . or Enter, or press ? or * to list all spells.
You don't have enough magic to cast that spell.
Grinder misses you.
Casting: Searing Ray (safe; 1% risk of failure)
Confirm with . or Enter, or press ? or * to list all spells.
Aiming: Magic Dart (safe; 1% risk of failure)
Press: ? - help, Shift-Dir - straight line, f/p - Grinder
Aim: Grinder (almost dead, 0% to evade)
The magic dart hits Grinder but does no damage.
Grinder is almost dead.
Grinder gestures at you.
You suddenly lose the ability to move!
Grinder hits you!
* * * LOW HITPOINT WARNING * * *
You writhe in agony.
You die...

### ..# #.#
###.# ...#
#.#########
#.5†.)...§.
#@#########
#.# #.# #.#
#.# ###
#.####.. #
#...##.#
.##.
###.##.#
####.#[#
#.##.#
#.....##


You could see Grinder.

Vanquished Creatures
  Jessica (D:2)
  Terence (D:3)
  Natasha (twice) (D:2)
  2 worms
  6 bats (D:1)
  A giant cockroach (D:1)
  6 goblins
  6 hobgoblins
  4 jackals (D:2)
  A quokka (D:2)
  2 frilled lizards
  4 kobolds
  6 rats
42 creatures vanquished.

Notes
Turn   | Place    | Note
-------+----------+-------------------------------------------
     0 | D:1      | bnorton916 the Deep Elf Conjurer began the quest for the
                  | Orb.
     0 | D:1      | Reached XP level 1. HP: 10/10 MP: 6/6
   145 | D:1      | Reached XP level 2. HP: 11/15 MP: 0/8
   379 | D:1      | Learned a level 2 spell: Searing Ray
   844 | D:2      | Reached skill level 5 in Conjurations
   844 | D:2      | Reached XP level 3. HP: 19/19 MP: 4/10
   848 | D:2      | Learned a level 3 spell: Dazzling Flash
  1132 | D:2      | Noticed Natasha
  1413 | D:2      | Killed Natasha
  2057 | D:2      | Noticed Natasha
  2060 | D:2      | Killed Natasha
  2061 | D:2      | Reached XP level 4. HP: 24/24 MP: 8/12
  2123 | D:2      | Noticed Jessica
  2127 | D:2      | Killed Jessica
  2128 | D:2      | Reached skill level 5 in Spellcasting
  2299 | D:3      | Noticed Terence
  2304 | D:3      | Noticed Grinder
  2305 | D:3      | Killed Terence
  2306 | D:3      | Reached XP level 5. HP: 28/28 MP: 6/14
  2314 | D:3      | Paralysed by Grinder for 6 turns
  2315 | D:3      | Slain by Grinder

Illustrated notes

Levels and vault maps discovered:
D:1:      erik_arrival_orb_chamber, layout_rooms
D:2:      layout_basic, minmay_tall_x, uniq_jessica, uniq_natasha
D:3:      layout_loops_ring, gammafunk_ghost_gnarly_gnolls, grunt_ministairs_1,
          minmay_misc_feat_iff, serial_bayou_pond_d, uniq_sigmund, uniq_robin,
          uniq_terence, uniq_grinder

Skill      XL: |  1  2  3  4 |
---------------+-------------+-----
Spellcasting   | 4 5 |  5.4
Conjurations   | 5 |  5.8
Dodging        | |  2.4
Stealth        | |  2.4

Action                   |  1- 3 |  4- 6 || total
-------------------------+-------+-------++-------
Melee: Unarmed           |     1 |       ||     1
 Cast: Magic Dart        |    73 |     8 ||    81
       Searing Ray       |       |     4 ||     4
Armor: Robe              |     7 |       ||     7
Dodge: Dodged            |    19 |     3 ||    22
Block: Other             |       |     1 ||     1
